 Seeded DCSS version 0.30.1-4-g462c640d31 (webtiles) character file.

Game seed: 1591317900789521124 (custom seed)

431 Psyclone the Tainter (level 6, 0/36 HPs)
             Began as an Octopode Venom Mage on Sept 18, 2023.
             Slain by an ice beast (11 damage)
             ... on level 5 of the Dungeon.
             The game lasted 00:08:20 (5800 turns).

Psyclone the Tainter (Octopode Venom Mage)          Turns: 5800, Time: 00:08:20

Health: 0/36       AC:  1    Str:  7    XL:     6   Next: 99%
Magic:  2/11       EV: 13    Int: 19    God:
Gold:   243        SH:  0    Dex: 19    Spells: 4/12 levels left

rFire   . . .        b - staff of conjuration
rCold   . . .        (no shield)
rNeg    . . .        (helmet restricted)
rPois   .            (no amulet)
rElec   .            t - +6 ring of dexterity
rCorr   .            (no ring)
SInv    .            (no ring)
Will    .....        (no ring)
Stlth   +++          (no ring)
HPRegen 0.26/turn    (no ring)
MPRegen 0.12/turn    (no ring)
                     (no ring)

%: no passive effects
@: no status effects
A: almost no armour, amphibious, 8 rings, camouflage 1, gelatinous body 1,
(nimble swimmer 1), tentacles
a: no special abilities


You were on level 5 of the Dungeon.
You visited 1 branch of the dungeon, and saw 5 of its levels.

You collected 243 gold pieces.

Inventory:

Hand Weapons
 a - a +1 dagger of electrocution
Magical Staves
 b - a staff of conjuration (weapon)
Jewellery
 s - an amulet of guardian spirit
 t - a +6 ring of dexterity (left tentacle)
Wands
 d - a wand of charming (6)
Scrolls
 c - a scroll of immolation {unknown}
 e - a scroll of brand weapon {unknown}
 f - 3 scrolls of fear {unknown}
 j - 7 scrolls of identify {unknown}
 k - a scroll of blinking {unknown}
 l - a scroll of teleportation {unknown}
 m - 3 scrolls of poison {unknown}
 o - a scroll of acquirement {unknown}
 q - a scroll of noise {unknown}
 r - a scroll of enchant weapon {unknown}
Potions
 g - a potion of heal wounds {unknown}
 h - 2 potions of lignification {unknown}
 i - a potion of magic
 n - 2 potions of cancellation {unknown}
 p - a potion of haste {unknown}


   Skills:
 - Level 2.0 Dodging
 - Level 2.6 Stealth
 + Level 3.9 Spellcasting
 - Level 1.0 Transmutations
 - Level 8.0 Poison Magic


You had 4 spell levels left.
You knew the following spells:

 Your Spells              Type           Power      Damage    Failure   Level
a - Poisonous Vapours     Pois/Air       36%        N/A       4%          2
b - Magic Dart            Conj           20%        1d4       14%         1
v - Sting                 Tmut/Pois      80%        1d7       2%          1
x - Olgreb's Toxic Radia  Pois           34%        N/A       5%          4

Your spell library contained the following spells:

 Spells                   Type           Power      Damage    Failure   Level
 Spider Form              Tmut/Pois      20%        N/A       7%          3
 Beastly Appendage        Tmut           14%        N/A       10%         1
 Slow                     Hex            12%        N/A       14%         1
 Wereblood                Tmut           7%         N/A       14%         2
 Mephitic Cloud           Conj/Pois/Air  20%        N/A       14%         3
 Blink                    Tloc           6%         N/A       22%         2
 Call Imp                 Summ           6%         N/A       22%         2
 Lesser Beckoning         Tloc           6%         N/A       22%         2
 Momentum Strike          Conj/Tloc      10%        3d8       22%         2
 Confusing Touch          Hex            3%         N/A       38%         3
 Vampiric Draining        Necr           3%         2d6       38%         3


Dungeon Overview and Level Annotations

Branches:
Dungeon (5/15) Zot: 24199
 Temple: D:4-7

Altars:
Dithmenos
Kikubaaqudgha
Makhleb
Nemelex Xobeh
Qazlal
Vehumet
Wu Jian
Xom
Zin
The Shining One

Shops:
D:3 [

Annotations:
D:4 exclusion: downstairs
D:5 Blork the orc


Innate Abilities, Weirdness & Mutations

You cannot wear most types of armour.
You are amphibious.
You can wear up to eight rings at the same time.
Your skin changes colour to match your surroundings (Stealth+).
Your rubbery body absorbs attacks. (AC +1, EV +1)
((You are camouflaged when in or above water. (Stealth+)))
You have tentacles for arms and can constrict up to eight enemies at once.


Message History

You are very lightly contaminated with residual magic.
Nothing appears to happen.
You now have 3/11 mp.
Casting: Magic Dart (safe; 14% risk of failure)
Confirm with . or Enter, or press ? or * to list all spells.
Aiming: Magic Dart (safe; 14% risk of failure)
Press: ? - help, Shift-Dir - straight line, f/p - ice beast
Aim: an ice beast (lightly wounded, 100% to hit)
You feel a surge of power!
The magic dart hits the ice beast.
The ice beast is lightly wounded.
You now have 2/11 mp.
Casting: Magic Dart (safe; 14% risk of failure)
Confirm with . or Enter, or press ? or * to list all spells.
Aiming: Magic Dart (safe; 14% risk of failure)
Press: ? - help, Shift-Dir - straight line, f/p - ice beast
Aim: an ice beast (lightly wounded, 100% to hit)
You feel a surge of power!
You miscast Magic Dart.
Nothing appears to happen.
You now have 1/11 mp.
Casting: Magic Dart (safe; 14% risk of failure)
Confirm with . or Enter, or press ? or * to list all spells.
Aiming: Magic Dart (safe; 14% risk of failure)
Press: ? - help, Shift-Dir - straight line, f/p - ice beast
Aim: an ice beast (lightly wounded, 100% to hit)
You feel a surge of power!
The magic dart hits the ice beast.
The ice beast is lightly wounded.
The ice beast hits you. The ice beast freezes you!
You take 12 damage, and have 24/36 hp.
MASSIVE DAMAGE!!
You now have 0/11 mp.
The ice beast attacks as you move away! The ice beast misses you.
The ice beast attacks as you move away! The ice beast barely misses you.
There is an open door here.
The ice beast attacks as you move away!
The ice beast hits you but does no damage.
Found 23 gold pieces.
The ice beast attacks as you move away! The ice beast hits you.
The ice beast freezes you!
Your magical contamination has completely faded away.
You take 15 damage, and have 12/36 hp.
MASSIVE DAMAGE!!
The ice beast attacks as you move away! The ice beast hits you.
The ice beast freezes you!
You die...

...# ........#.....# ...#
........#.....+ ...#
........#.....#
...###################'#.....#
..........................#####
..........................'...#
..........................#...#
..........................#...#
................@Y........###+#
.#########.......######'### ..#
.#.......#.......#.......# ....
.'.......#.......#.......#....Y
.#.......#.......#.......#....##
.#.......#.......#.......+....#
.#.......#.......#.......#.....
.#.......#$$.....#.......#
.#.......# #.......#


You could see an ice beast.

Vanquished Creatures
  Sigmund (D:5)
  A scorpion (D:3)
  2 iguanas (D:4)
  Robin (D:2)
  6 adders
  An ufetubus (D:4)
  A worm (D:4)
  2 dart slugs
  2 orcs
  3 bats (D:1)
  6 endoplasms
  6 giant cockroaches
  10 goblins
  16 hobgoblins
  2 quokkas
  2 ball pythons
  A frilled lizard (D:3)
  11 kobolds
  3 rats
77 creatures vanquished.

Notes
Turn   | Place    | Note
-------+----------+-------------------------------------------
     0 | D:1      | Psyclone the Octopode Venom Mage began the quest for the
                  | Orb.
     0 | D:1      | Reached XP level 1. HP: 11/11 MP: 3/3
    30 | D:1      | Found a faded altar of an unknown god.
   174 | D:1      | Reached skill level 4 in Poison Magic
   260 | D:1      | Reached XP level 2. HP: 17/17 MP: 0/5
   392 | D:1      | Learned a level 2 spell: Poisonous Vapours
   394 | D:1      | Learned a level 1 spell: Magic Dart
  1363 | D:1      | Reached XP level 3. HP: 18/21 MP: 6/6
  1428 | D:2      | Reached skill level 5 in Poison Magic
  2000 | D:2      | Found an ancient bone altar of Kikubaaqudgha.
  2294 | D:2      | Reached XP level 4. HP: 19/27 MP: 1/7
  2367 | D:2      | Noticed Robin
  2397 | D:2      | Killed Robin
  2398 | D:2      | Reached skill level 6 in Poison Magic
  2812 | D:3      | Noticed an animated gold dragon scales
  2872 | D:3      | Noticed an animated plate armour
  2875 | D:3      | Found Pogra's Armour Emporium.
  3033 | D:3      | Noticed a scorpion
  3038 | D:3      | Killed a scorpion
  3039 | D:3      | Reached skill level 7 in Poison Magic
  3039 | D:3      | Reached XP level 5. HP: 31/31 MP: 1/8
  3874 | D:4      | Found a shimmering altar of Xom.
  4528 | D:4      | Reached XP level 6. HP: 36/36 MP: 0/9
  4876 | D:4      | Reached skill level 8 in Poison Magic
  5017 | D:4      | Found a glowing silver altar of Zin.
  5031 | D:4      | Found a glowing golden altar of the Shining One.
  5167 | D:4      | Found a radiant altar of Vehumet.
  5197 | D:4      | Found a shadowy altar of Dithmenos.
  5203 | D:4      | Found a sparkling altar of Nemelex Xobeh.
  5241 | D:4      | Found a stormy altar of Qazlal.
  5243 | D:4      | Found a burning altar of Makhleb.
  5250 | D:4      | Found an ornate altar of the Wu Jian Council.
  5362 | D:5      | Entered Level 5 of the Dungeon
  5375 | D:5      | Noticed Blork the orc
  5597 | D:5      | Noticed a water moccasin
  5679 | D:5      | Learned a level 4 spell: Olgreb's Toxic Radiance
  5720 | D:5      | Noticed an ice beast
  5747 | D:5      | Noticed Sigmund
  5756 | D:5      | Killed Sigmund
  5800 | D:5      | Slain by an ice beast

Illustrated notes

Levels and vault maps discovered:
D:1:      lightli_arrival_noodles, layout_basic, nicolae_ecumenical_lake_church
D:2:      layout_loops_ring, basic_altar, uniq_robin
D:3:      layout_loops_corners, serial_shops, nicolae_shop_mannequins,
          nicolae_elevator_lobby_asterisk
D:4:      layout_basic, mainiacjoe_overflow_concentric_impassable,
          minmay_overflow_temple_star_hex, mainiacjoe_overflow_big_doors,
          mainiacjoe_overflow_surrounded_room
D:5:      layout_gridville, uniq_sigmund, uniq_menkaure, uniq_blork_the_orc

Skill      XL: |  1  2  3  4  5  6 |
---------------+-------------------+-----
Poison Magic   | 4 5 7 8 |  8.0
Spellcasting   | 3 |  3.9
Dodging        | |  2.0
Stealth        | |  2.6
Transmutations | |  1.0

Action                     |  1- 3 |  4- 6 || total
---------------------------+-------+-------++-------
  Melee: Unarmed           |    44 |       ||    44
         Constrict         |    13 |    16 ||    29
         Tentacles         |    13 |    12 ||    25
         Punch             |     2 |     1 ||     3
         Staff             |     2 |    13 ||    15
         Dagger            |       |    43 ||    43
   Cast: Sting             |     9 |       ||     9
         Poisonous Vapours |    40 |    76 ||   116
         Magic Dart        |     5 |     5 ||    10
   Stab: Sleeping          |     1 |     3 ||     4
 Armour: Skin              |     2 |     4 ||     6
  Dodge: Dodged            |    31 |    31 ||    62
